 Dungeon Crawl Stone Soup version 0.18.1-8-gdd0e5ea (webtiles) character file.

74 Denchik the Firebug (level 3, -12/26 HPs)
             Began as a Demigod Fire Elementalist on May 29, 2016.
             Killed from afar by Ijyb (30 damage)
             ... with a wand of lightning
             ... on level 3 of the Dungeon.
             The game lasted 00:05:51 (2380 turns).

Denchik the Firebug (Demigod Fire Elementalist)     Turns: 2380, Time: 00:05:52

Health: -12/26     AC:  2    Str: 11    XL:     3   Next: 85%
Magic:  8/9        EV: 12    Int: 21    God:
Gold:   94         SH:  0    Dex: 16    Spells: 1 memorised, 5 levels left

rFire  . . .     SeeInvis .     (no weapon)
rCold  . . .     Gourm    .     a - +0 robe
rNeg   . . .     Faith    .     (no shield)
rPois  .         Spirit   .     (no helmet)
rElec  .         Dismiss  .     (no cloak)
rCorr  .         Reflect  .     (no gloves)
SustAt +         Harm     .     (no boots)
MR     .....                    (no amulet)
Stlth  ++........               (no ring)
                                (no ring)

@: not resistant to hostile enchantments, unstealthy
A: high mp 1, sustain attributes
a: no special abilities


You were on level 3 of the Dungeon.
You were not hungry.

You visited 1 branch of the dungeon, and saw 3 of its levels.

You collected 94 gold pieces.

Inventory:

Armour
 a - a +0 robe (worn)
 m - a +0 pair of gloves
Scrolls
 e - 2 scrolls of immolation {unknown}
 f - a scroll of recharging {unknown}
 g - 2 scrolls of identify {unknown}
 i - a scroll of fear {unknown}
 k - 2 scrolls of remove curse {unknown}
 l - a scroll of magic mapping {unknown}
Potions
 d - a potion of might {unknown}
 h - a potion of berserk rage {unknown}
 j - 4 potions of curing {unknown}
Books
 b - a book of Flames

   Spells                             Type                      Level
   a - Flame Tongue                   Conjuration/Fire             1
   b - Throw Flame                    Conjuration/Fire             2
   c - Conjure Flame                  Conjuration/Fire             3
   d - Inner Flame                    Hexes/Fire                   3
   e - Sticky Flame                   Conjuration/Fire             4
   f - Fireball                       Conjuration/Fire             5
Comestibles
 c - 3 bread rations
 n - 2 meat rations
 o - 2 chunks of flesh


   Skills:
 + Level 2.0 Dodging
 - Level 1.7 Stealth
 + Level 2.3 Spellcasting
 + Level 1.3 Conjurations
 * Level 3.8 Fire Magic


You had 5 spell levels left.
You knew the following spells:

 Your Spells              Type           Power        Failure   Level  Hunger
a - Flame Tongue          Conj/Fire      ##...        6%          1    #......


Dungeon Overview and Level Annotations

Branches:
Dungeon (3/15)

Annotations:
D:3 Ijyb


Innate Abilities, Weirdness & Mutations

You have an increased reservoir of magic (+10% MP).
Your attributes are resistant to harm.


Message History

Ijyb the Twisted Goblin comes into view.
Found 12 gold pieces.
Found a stone staircase leading up.
You see here a scroll labeled NEFALATEUJ.
You see here a scroll labeled NEFALATEUJ.
Casting: Flame Tongue
Confirm with . or Enter, or press ? or * to list all spells.
You can't see any susceptible monsters within range! (Use Z to cast anyway.) Ijyb shouts!
Things that are here:
12 gold pieces; a grey potion
Casting: Flame Tongue
Confirm with . or Enter, or press ? or * to list all spells.
Aiming: Flame Tongue
Press: ? - help, Shift-Dir - straight line, f - Ijyb
Aim: Ijyb, wearing a leather armour The flame tongue hits Ijyb.
Ijyb is moderately wounded.
Ijyb zaps a wand.
The bolt of lightning hits you!
Ouch! That really hurt!
You die...

# .# .# ...
######.#.#.########..
#......#..<..........
#.g.>...$....... ...
#...<#.#.......# #..
#...@#.......#.# #..
##+#.#.......#.# #..
#.#.......#.####).
#.?...............
#.#.......#.......
#.#.......#######.
#.#.......# #.
#.#.......# #.
#.#.#.##### #.


You could see Ijyb.

Vanquished Creatures
  An adder (D:3)
  2 oozes (D:1)
  3 dart slugs
  3 giant geckos
  An orc (D:3)
  7 bats
  2 giant cockroaches
  5 goblins
  4 hobgoblins
  4 jackals
  2 quokkas (D:2)
  A ball python (D:1)
  A giant newt (D:1)
  2 kobolds
  7 rats
45 creatures vanquished.

Notes
Turn   | Place    | Note
--------------------------------------------------------------
     0 | D:1      | Denchik the Demigod Fire Elementalist began the quest for the Orb.
     0 | D:1      | Reached XP level 1. HP: 14/14 MP: 5/5
    95 | D:1      | Reached skill level 3 in Fire Magic
   204 | D:1      | Reached XP level 2. HP: 18/20 MP: 0/7
   930 | D:1      | Reached skill level 1 in Conjurations
  1112 | D:1      | Reached XP level 3. HP: 25/26 MP: 1/8
  1683 | D:2      | Found an oddly glowing altar of Pakellas.
  2369 | D:3      | Noticed Ijyb
  2380 | D:3      | Killed from afar by Ijyb

Skill      XL: |  1  2  3 |
---------------+----------+-----
Fire Magic     | 3 |  3.8
Spellcasting   | 2 |  2.3
Conjurations   | 1 |  1.3
Dodging        | 2 |  2.0
Stealth        | |  1.7

Action                   || total
-------------------------++-------
Melee: Unarmed           ||    33
 Cast: Flame Tongue      ||    88
  Eat: Chunk             ||     5
Armor: Robe              ||    16
Dodge: Dodged            ||    59
